 Dungeon Crawl Stone Soup version 0.29.0-4-gdea44cf6ec (webtiles) character file.

Game seed: 8368301114920527943

10 qw the Sneak (level 2, -4/19 HPs)
             Began as a Gargoyle Delver on Sept 10, 2022.
             Slain by a gnoll
             ... wielding a +0 spear
             ... led by a gnoll bouda
              (6 damage)
             ... on level 4 of the Dungeon.
             The game lasted 00:00:06 (300 turns).

qw the Sneak (Gargoyle Delver)                       Turns: 300, Time: 00:00:06

Health: -4/19      AC:  5    Str: 15    XL:     2   Next: 20%
Magic:  2/2        EV:  8    Int: 10    God:
Gold:   0          SH:  0    Dex: 11    Spells: 1/1 levels left

rFire   . . .      SeeInvis .   a - +0 hand axe
rCold   . . .      Faith    .   (no shield)
rNeg    + . .      Spirit   .   b - +0 leather armour
rPois   inf        Reflect  .   (no helmet)
rElec   +          Harm     .   (no cloak)
rCorr   .          Rampage  .   (no gloves)
Will    .....                   (no boots)
Stlth   +++.......              (no amulet)
HPRegen 0.06/turn               (no ring)
MPRegen 0.08/turn               (no ring)

@: weakened, constricted
A: sickness immunity, AC +2, negative energy resistance 1, electricity
resistance, torment resistance 1, petrification resistance
a: no special abilities


You were on level 4 of the Dungeon.
You visited 1 branch of the dungeon, and saw 2 of its levels.


Innate Abilities, Weirdness & Mutations

You are immune to sickness and miasma.
Your stone body is resilient. (AC +2)
You are immune to poison.
You resist negative energy. (rN+)
You are resistant to electric shocks. (rElec)
You are resistant to unholy torment.
You are immune to petrification.


   Skills:
 - Level 3.2 Fighting
 + Level 2.5 Axes
 - Level 1.5 Dodging
 - Level 5.4 Stealth


You had one spell level left.
You didn't know any spells.
Your spell library was empty.

Inventory:

Hand Weapons
 a - a +0 hand axe (weapon)
Armour
 b - a +0 leather armour (worn)
Wands
 g - a wand of digging (3)
Scrolls
 c - a scroll of immolation {unknown}
Potions
 f - a potion of haste

Dungeon Overview and Level Annotations

Branches:
Dungeon (5/15)
 Temple: D:4-7

Altars:


Message History

Done waiting.
255 ||| Stepping ~*~*~tactically~*~*~ (hiding).
You start waiting.
A ball python comes into view.
The gnoll bouda shouts!
The gnoll shouts! x2; You hear a shout!
You hear an angry hiss.
The gnoll hits you from afar with a +0 spear.
A ball python and a gnoll come into view.
The gnoll bouda gazes fiercely through you!
You feel your attacks grow feeble. The gnoll hits you but does no damage.
The ball python moves out of view.
You hit the gnoll bouda.
The gnoll bouda is lightly wounded.
You hit the gnoll but do no damage. The gnoll misses you.
The gnoll barely misses you.
You barely miss the gnoll bouda.
The gnoll bouda is lightly wounded.
You barely miss the gnoll.
The gnoll bouda gazes fiercely through you!
You feel as though you will be weak longer.
The gnoll bouda barely misses you. The gnoll hits you with a +0 spear.
The gnoll closely misses you. The ball python barely misses you.
The ball python grabs you. The ball python constricts you.
You barely miss the ball python.
You hit the gnoll bouda but do no damage.
You closely miss the gnoll. The gnoll hits you with a +0 spear.
The gnoll hits you from afar with a +0 spear.
The gnoll bouda barely misses you. The ball python barely misses you.
The ball python constricts you.
You barely miss the ball python. You hit the gnoll bouda. You hit the gnoll.
The ball python bites you but does no damage.
The ball python constricts you. The gnoll hits you but does no damage.
The gnoll barely misses you.
The gnoll bouda hits you with a +0 club.
You completely miss the ball python. You hit the gnoll but do no damage.
You closely miss the gnoll bouda.
The ball python bites you but does no damage.
The ball python constricts you. The gnoll hits you with a +0 spear.
You die...

.#. ###........##
...# ##.#.........#
....##...).......##
.....#............###
#.......#.........#
#.....##........#
#.............##
##..##.##...S..#
##.########@.## ##..#
#gg# ##%..# gg##
##..#........#.#
#..>#.####...###
......### #. .)###..
.. .. ##.. .. . ..#


You could see a gnoll bouda, 3 gnolls and a ball python.

Vanquished Creatures
  An adder (D:4)
  A hobgoblin (D:4)
2 creatures vanquished.

Notes
Turn   | Place    | Note
-------+----------+-------------------------------------------
     0 | D:5      | qw the Gargoyle Delver began the quest for the Orb.
     0 | D:5      | Reached XP level 1. HP: 14/14 MP: 1/1
     0 | D:5      | 0 ||| qw: Version: 0.1-a-116-g5d60599
     0 | D:5      | 0 ||| qw: Game counter: 8091
     0 | D:5      | 0 ||| qw: Always use a shield: true
     0 | D:5      | 0 ||| qw: God list: Okawaru
     0 | D:5      | 0 ||| qw: Allow faded altars: false
     0 | D:5      | 0 ||| qw: Do Orc after D:15 true
     0 | D:5      | 0 ||| qw: Do second Lair branch before Depths: true
     0 | D:5      | 0 ||| qw: Lair rune preference: random
     0 | D:5      | 0 ||| qw: Plans: Normal
     0 | D:5      | 0 ||| PLANNING D:1-11
     0 | D:5      | 0 ||| DROPPING scroll of fog.
     1 | D:5      | 1 ||| DROPPING scroll of magic mapping.
     2 | D:5      | 2 ||| DROPPING scroll of fear.
    16 | D:5      | Noticed a phantom
    17 | D:5      | 17 ||| STAIRDANCE
    21 | D:4      | Reached XP level 2. HP: 12/19 MP: 2/2
    78 | D:4      | 78 ||| Stepping ~*~*~tactically~*~*~ (stealth).
   153 | D:4      | 153 ||| Stepping ~*~*~tactically~*~*~ (hiding).
   255 | D:4      | 255 ||| Stepping ~*~*~tactically~*~*~ (hiding).
   299 | D:4      | HP: 2/19 [gnoll bouda/+0 club (4)]
   300 | D:4      | Slain by a gnoll

Levels and vault maps discovered:
D:4:      layout_cave_pools, okawaru_altar_gauntlet_db,
          nicolae_tso_swordbearing_angel, nemelex_diamond_rough_becter,
          minivault_1, minmay_misc_feat_columns, minmay_misc_feat_five,
          kennysheep_generic_room_6, uniq_ijyb, uniq_natasha
D:5:      layout_loops_cross, gup_sewer_entry_bowl,
          chequers_serial_rivers_micro_c

Skill      XL: |  1 |
---------------+----+-----
Axes           | 2 |  2.5
Fighting       | |  3.2
Dodging        | |  1.5
Stealth        | |  5.4

Action                   || total
-------------------------++-------
Melee: Hand axe          ||    17
Armor: Leather armour    ||     9
Dodge: Dodged            ||    16

Table legend:
 A = Non-vault XP
 B = Vault XP
 C = Vault XP percentage of total XP
 D = Non-vault monster count
 E = Vault monster count
 F = Vault count percentage of total count
                 A         B        C        D         E       F
            +---------+---------+-------+---------+---------+-------
      Total |      15 |       0 |   0.0 |       2 |       0 |   0.0
            +---------+---------+-------+---------+---------+-------
        D:4 |      15 |       0 |   0.0 |       2 |       0 |   0.0
            +---------+---------+-------+---------+---------+-------
